AoeStats
← Pr Hapi

Glade

510324544Analyzed
1v1 RM · 3d ago on Sep 30, 2026· 57m 7s· 2 players
Game mode
Random Map
Map size
Tiny (2 player)
Population
200
Speed
Normal
Resources
Standard
Victory
Conquest
Starting age
Dark Age
Ending age
Imperial Age
RankedLock teamsTeams togetherTeam positionsShared explorationLock speedFull tech treeHidden civsTurbo modeCheats
Victory
Defeat
🇫🇮 Franks · Finland
941
+17
🇦🇷 Goths · Argentina
919
-15
Santiago50490
0:48 Loom
10:37 Feudal Age
11:44 Man-at-Arms
13:50 Double-Bit Axe
16:59 Wheelbarrow
21:53 Scale Mail Armor
23:05 Forging
24:55 Fletching
25:06 Padded Archer Armor
32:37 Castle Age
30:22 Town Watch
33:24 Squires
33:21 Long Swordsman
33:52 Pikeman
36:04 Gold Mining
38:27 Horse Collar
38:39 Stone Mining
40:03 Iron Casting
42:24 Town Patrol
44:29 Hand Cart
47:00 Chain Mail Armor
49:11 Stone Shaft Mining
48:35 Bodkin Arrow
52:42 Imperial Age
51:04 Anarchy
53:43 Capped Ram
Pr Hapi
12:03 Feudal Age
11:23 Loom
14:32 Double-Bit Axe
25:10 Fletching
29:14 Castle Age
27:27 Padded Archer Armor
29:52 Loom
34:49 Scale Barding Armor
34:49 Gold Mining
43:28 Bow Saw
50:51 Imperial Age
49:00 Wheelbarrow
49:14 Light Cavalry
50:33 Hand Cart
51:10 Capped Ram
52:11 Forging
53:52 Scale Mail Armor
54:10 Husbandry
54:49 Iron Casting
Connection lost

Rejoining the realm…

Still unreachable

The connection could not be restored.

Session expired

The server has moved on; the page needs a fresh start.